 Dungeon Crawl Stone Soup version 0.24.0-29-g8ce449bc06 (webtiles) character file.

Game seed: 12436154451762122275, levelgen mode: deterministic

208748 Flugslaktarn the Severer (level 17, -1/159 HPs)
             Began as a Deep Dwarf Fighter on Nov 14, 2019.
             Was the Champion of Makhleb.
             Slain by a phantasmal warrior (7 damage)
             ... summoned by a curse skull
             ... on level 2 of the Vaults.
             The game lasted 00:23:48 (20284 turns).

Flugslaktarn the Severer (Deep Dwarf Fighter)      Turns: 20284, Time: 00:23:49

Health: -1/159     AC: 33    Str: 27    XL:     17   Next: 65%
Magic:  3/3        EV: 13    Int: 11    God:    Makhleb [******]
Gold:   857        SH: 23    Dex: 12    Spells: 16/16 levels left

rFire    . . .     SeeInvis .   J - +2 broad axe (chop)
rCold    + + .     Gourm    .   u - +3 large shield {rC+}
rNeg     + + +     Faith    +   S - +7 plate armour "Wunkol" {rPois rN+++ Slay-3}
rPois    +         Spirit   .   y - +0 helmet
rElec    .         Reflect  .   O - +0 cloak {rC+}
rCorr    .         Harm     .   F - +0 pair of gloves
MR       +....                  k - +2 pair of boots {Fly}
Stlth    ..........             T - amulet of faith
HPRegen  0.00/turn              m - ring of protection from magic
MPRegen  0.08/turn              b - +2 ring of evasion

@: vulnerable, flying, non-regenerating
A: damage resistance, heal wounds, yellow scales 1, clever 1, mutation
resistance 1, negative energy resistance 1, sense surroundings 2, sturdy frame
1, no regeneration
}: 2/15 runes: serpentine, barnacled
a: Heal Wounds, Minor Destruction, Lesser Servant of Makhleb, Major Destruction,
Greater Servant of Makhleb, Renounce Religion, Stop Flying


You were on level 2 of the Vaults.
You worshipped Makhleb.
Makhleb was exalted by your worship.
You were not hungry.

You visited 7 branches of the dungeon, and saw 32 of its levels.
You visited the Abyss 2 times.
You also visited: Ice Cave.

You collected 2422 gold pieces.
You spent 1565 gold pieces at shops.

Inventory:

Hand Weapons
 J - a +2 broad axe of chopping (weapon)
   (You took it off a vault guard on level 13 of the Dungeon)
 N - a +6 broad axe
   (You found it on level 5 of the Lair of Beasts)
Armour
 k - a +2 pair of boots of flying (worn)
   (You found it on level 1 of the Snake Pit)
 u - a +3 large shield of cold resistance (worn)
   (You found it in an ice cave)
 y - a +0 helmet (worn)
   (You found it on level 7 of the Dungeon)
 F - a +0 pair of gloves (worn)
   (You found it on level 9 of the Dungeon)
 O - a +0 cloak of cold resistance (worn)
   (You found it in an ice cave)
 S - the +7 plate armour "Wunkol" (worn) {rPois rN+++ Slay-3}
   (You bought it in a shop on level 2 of the Orcish Mines)

   It affects your accuracy and damage with ranged weapons and melee attacks
   (-3).
   It protects you from poison.
   It renders you almost immune to negative energy.
Jewellery
 b - a +2 ring of evasion (right hand)
   (You found it on level 8 of the Dungeon)
 f - a cursed ring of protection from cold {unknown}
   (You found it on level 4 of the Shoals)
 m - a ring of protection from magic (left hand)
   (You found it on level 8 of the Dungeon)
 o - an uncursed ring of poison resistance
   (You found it on level 4 of the Lair of Beasts)
 Q - an uncursed ring of fire
   (You found it on level 11 of the Dungeon)
 R - an uncursed ring of fire
   (You found it on level 11 of the Dungeon)
 T - an amulet of faith (around neck)
   (You found it on level 3 of the Snake Pit)
Wands
 t - a wand of acid (4)
   (You found it on level 2 of the Snake Pit)
 v - a wand of digging (5)
   (You found it on level 12 of the Dungeon)
 B - a wand of enslavement (19)
   (You found it on level 5 of the Dungeon)
 H - a wand of iceblast (10)
   (You found it on level 3 of the Lair of Beasts)
 P - a wand of paralysis (5)
   (You found it on level 1 of the Snake Pit)
Scrolls
 g - 7 scrolls of teleportation
 r - 6 scrolls of identify
 w - 9 scrolls of remove curse
 z - 5 scrolls of blinking
 D - 2 scrolls of fear
 I - 5 scrolls of vulnerability
 K - a scroll of fog
 L - 5 scrolls of magic mapping
 M - a scroll of summoning
Potions
 a - 4 potions of mutation
 d - 6 potions of might
 h - 2 potions of haste
 i - 8 potions of heal wounds
 j - 3 potions of cancellation
 l - 5 potions of lignification
 n - 2 potions of resistance
 p - 2 potions of brilliance
 q - 10 potions of curing
 s - 5 potions of agility
 A - 3 potions of berserk rage
 C - 5 potions of flight
 E - a potion of invisibility
 G - a potion of ambrosia
Miscellaneous
 c - a box of beasts
Comestibles
 e - 39 rations
 x - 7 chunks of flesh


   Skills:
 + Level 12.2 Fighting
 - Level 18.0 Axes
 + Level 14.1 Armour
 + Level 9.3 Dodging
 + Level 14.1 Shields
 + Level 15.4 Invocations
 - Level 11.0 Evocations


You had 16 spell levels left.
You didn't know any spells.
Your spell library was empty.

Dungeon Overview and Level Annotations

Branches:
Dungeon (13/15)            Temple (1/1) D:6            Lair (6/6) D:9
 Shoals (4/4) Lair:2        Snake (4/4) Lair:3        Slime (0/5) Lair:6
    Orc (2/2) D:11            Elf (0/3) Orc:2        Vaults (2/5) D:13
  IceCv (visited)
  Crypt: Vaults:2-3

Altars:
Ashenzari
Cheibriados
Dithmenos
Elyvilon
Fedhas
Gozag
Hepliaklqana
Kikubaaqudgha
Makhleb
Nemelex Xobeh
Okawaru
Qazlal
Ru
Sif Muna
Trog
Uskayaw
Vehumet
Wu Jian
Xom
Yredelemnul
Zin
The Shining One

Shops:
D:4 ?   D:8 !   Orc:2 [%(?   Snake:2 *}}=   Snake:3 *

Annotations:
D:1 1 runed translucent door
D:8 1 transporter, kaychamo's ghost, novice NaAs
Shoals:3 3 runed translucent doors, Angmar's ghost, adept DrTm; Arum's ghost, adept FoFi; Cedruin's ghost, adept DrAr; Jopnatru's ghost, adept FoFi; Meoqees's ghost, adept MiFi
Shoals:4 3 runed translucent doors, EnegeticOcto's ghost, adept MiFi
Snake:3 1 runed translucent door
Vaults:2 Margery


Innate Abilities, Weirdness & Mutations

You are resistant to damage.
You can heal yourself by infusing magical energy.
You resist negative energy. (rN+)
You passively map the area around you.
You do not regenerate.
You are partially covered in yellow scales. (AC +2)
Your mind is acute. (Int +2)
You are somewhat resistant to further mutation.
Your movements are slightly less encumbered by armour. (ER -2)


Message History

You closely miss the phantasmal warrior.
Margery casts a spell at you. The bolt of fire hits you!!!
* * * LOW HITPOINT WARNING * * *
You block the orc knight's attack. The phantasmal warrior hits you!!
* * * LOW HITPOINT WARNING * * *
You are too injured to fight recklessly!
You are too injured to fight recklessly!
Evoke which item? (* to show all) (? for menu, Esc to quit)
Aiming: Corrosive Bolt
Press: ? - help, Shift-Dir - straight line, f/p - Margery
Aim: Margery, wielding a +1 battleaxe and wearing +0 fire dragon scales (almost dead, bound soul)
The bolt of acid hits Margery!
Margery is splashed with acid.
Margery is almost dead.
The bolt of acid hits the stone giant!!
The stone giant is splashed with acid.
The acid corrodes the stone giant!
The stone giant is moderately wounded.
The bolt of acid hits something!!
The acid corrodes something!
You block Margery's attack. The phantasmal warrior hits you!
You die...

, , + ,, , , * , , ** ,,
, #.#... * *, ,
#.....#....* ,
#.....#M..## , ,, , ,
#.....#oWW. , , *
#.....#{{p* ** *
#.....#Cpp * #.....#@#
o,, #.....#@##.... *
#.....W.)oVoo.., *
##########.....#########
...............# , , *
...............# , *, *
^..............# ,, * ,
...............# , * ,,
*, ...............# *
,,* ########'####### , ,
,*


You could see Margery, a stone giant, an orc knight, 2 hell knights, a jiangshi,
a phantasmal warrior, 2 wraiths, an orc sorcerer, an orc warrior, a mummy and an
orc.

Vanquished Creatures
  Jorgrun (Snake:3)
  A kraken (Shoals:1)
  3 tentacled starspawn (Abyss:3)
  6 nagarajas
  A vault warden (Vaults:1)
  3 very ugly things (Abyss:3)
  An ophan (Abyss:3)
  An ettin (Orc:1)
  2 merfolk javelineers (Shoals:4)
  A merfolk impaler (Shoals:3)
  Josephine (D:11)
  A fire dragon (Vaults:2)
  Erolcha (D:11)
  A hydra (Lair:6)
  A yaktaur captain (Vaults:1)
  8 vault guards (D:13)
  16 naga warriors
  A rakshasa (Abyss:3)
  2 centaur warriors (Vaults:1)
  3 merfolk avatars
  7 anacondas
  3 merfolk aquamancers
  4 satyrs
  2 two-headed ogres
  11 naga sharpshooters
  3 orc high priests (Orc:2)
  2 thrashing horrors (Abyss:3)
  A hell knight (Vaults:2)
  A deep elf knight (Vaults:1)
  6 shock serpents
  A skeletal warrior (Vaults:2)
  A wretched star (Abyss:3)
  A shadow wraith (Abyss:3)
  3 unseen horrors
  6 sea snakes
  A glowing orange brain (Abyss:3)
  8 salamander mystics
  5 naga ritualists
  4 harpies (Shoals:3)
  2 lindwurms (Snake:4)
  A wizard (Vaults:1)
  An ironbrand convoker (Vaults:1)
  5 orc knights
  9 mana vipers
  10 fauns
  4 orc sorcerers
  8 ugly things
  A cyclops (Vaults:2)
  9 manticores
  9 salamanders
  Maurice (D:8)
  A vault sentinel (Vaults:1)
  20 black mambas
  5 merfolk sirens
  8 guardian serpents
  A water nymph (Shoals:4)
  A smoke demon (Abyss:3)
  A torpor snail (Lair:5)
  22 naga magi
  3 spiny frogs
  A gargoyle (D:11)
  2 rime drakes
  2 yaktaurs (Vaults:1)
  An ice devil (Lair:6)
  A freezing wraith (Vaults:1)
  8 komodo dragons
  A hellwing (Abyss:3)
  An ancient zyme (Abyss:3)
  A tengu conjurer (D:13)
  15 polar bears
  3 trolls
  3 merfolk
  A wind drake (Shoals:4)
  A large abomination (Abyss:3)
  17 blink frogs
  2 dream sheep (Lair:5)
  9 hippogriffs
  2 slime creatures
  7 wraiths
  11 water elementals
  An air elemental (Abyss:3)
  48 yaks
  2 wyverns
  A ynoxinul (Abyss:3)
  3 basilisks
  2 hungry ghosts
  A chaos spawn (Abyss:3)
  A steam dragon (D:7)
  6 wargs
  40 nagas
  2 soldier ants
  10 water moccasins
  Duvessa (D:7)
  6 porcupines
  17 orc warriors
  4 ice beasts
  6 sky beasts
  A floating eye (shapeshifter) (Vaults:1)
  A necrophage (D:9)
  15 wolves
  10 ogres
  A black bear (Lair:2)
  An eye of draining (D:8)
  5 centaurs
  2 phantoms
  11 crocodiles
  A big kobold (D:12)
  16 bullfrogs
  A gnoll sergeant (D:7)
  A wyvern zombie (D:12)
  Dowan (D:7)
  A water moccasin zombie (D:10)
  5 scorpions
  5 howler monkeys
  8 wights
  4 electric eels
  5 crimson imps
  A bullfrog zombie (D:6)
  A centaur zombie (D:12)
  2 quasits (Abyss:3)
  15 hounds
  5 jellies
  A centaur skeleton (D:6)
  11 orc priests
  13 orc wizards
  7 bullfrog skeletons
  4 iguanas
  6 worker ants
  2 hound zombies
  3 hound skeletons
  A howler monkey zombie (D:5)
  2 worker ant zombies
  10 adders
  3 gnolls (D:7)
  3 shadow imps
  A white imp (Abyss:3)
  An ufetubus (Abyss:3)
  An adder skeleton (D:4)
  A worm (D:4)
  A dart slug (D:4)
  3 leopard geckos
  60 orcs
  A giant cockroach (D:1)
  A hobgoblin (D:1)
  8 jackals
  4 quokkas
  3 bats (D:2)
  A frilled lizard (D:4)
  5 kobolds
  A leopard gecko zombie (D:6)
  2 fungi
  20 plants
  4 starspawn tentacles (Abyss:3)
790 creatures vanquished.

Vanquished Creatures (collateral kills)
  A nagaraja (Snake:4)
  A naga warrior (Snake:4)
  A hydra (Lair:5)
  A death yak (Lair:5)
  2 lindwurms (Snake:4)
  A naga ritualist (Snake:4)
  3 naga magi (Snake:4)
  A spiny frog (Lair:5)
  A dream sheep (Lair:5)
  A hippogriff (Lair:5)
  A naga (Snake:4)
  2 crocodiles (Lair:5)
16 creatures vanquished.

Vanquished Creatures (others)
  A hydra (Lair:6)
  2 catoblepae (Lair:6)
  7 death yaks
  A sea snake (Shoals:4)
  A faun (Shoals:4)
  An ice statue (IceCv)
  A merfolk siren (Shoals:4)
  A black mamba (Snake:1)
  6 polar bears
  A hippogriff (Lair:3)
  A slime creature (Lair:6)
  2 blink frogs
  A dream sheep (Lair:5)
  7 yaks
  A water elemental (Shoals:4)
  2 nagas
  2 water moccasins
  A wolf (Lair:2)
  A crocodile (Lair:4)
  8 fungi
  33 plants
  10 starspawn tentacles (Abyss:3)
  4 tentacles (Shoals:1)
95 creatures vanquished.

Grand Total: 901 creatures vanquished

Notes
Turn   | Place    | Note
-------+----------+-------------------------------------------
     0 | D:1      | Flugslaktarn the Deep Dwarf Fighter began the quest for the
                  | Orb.
     0 | D:1      | Reached XP level 1. HP: 20/20 MP: 1/1
     1 | D:1      | Found a runed translucent door.
    81 | D:1      | Noticed a jelly
   157 | D:3      | Reached XP level 2. HP: 24/27 MP: 2/2
   186 | D:4      | Reached skill level 3 in Axes
   186 | D:4      | Reached XP level 3. HP: 27/33 MP: 3/3
   239 | D:4      | Found an ornate altar of the Wu Jian Council.
   254 | D:4      | Reached XP level 4. HP: 24/42 MP: 4/4
   381 | D:4      | Found Zepsovuej's Magic Scroll Boutique.
   390 | D:4      | Bought a scroll of teleportation for 39 gold pieces
   390 | D:4      | Bought a scroll of identify for 26 gold pieces
   670 | D:4      | Reached skill level 4 in Axes
   679 | D:4      | Reached XP level 5. HP: 49/49 MP: 4/4
   951 | D:5      | Entered Level 5 of the Dungeon
   986 | D:5      | Noticed a phantom
  1049 | D:5      | Killed a phantom
  1120 | D:5      | Reached XP level 6. HP: 52/56 MP: 5/5
  1319 | D:5      | Reached skill level 5 in Axes
  1642 | D:5      | Found a glowing golden altar of the Shining One.
  1642 | D:5      | Found a basalt altar of Yredelemnul.
  1642 | D:5      | Found a shattered altar of Ashenzari.
  1642 | D:5      | Found a sparkling altar of Nemelex Xobeh.
  1649 | D:5      | Found a glowing silver altar of Zin.
  1651 | D:5      | Found a shimmering altar of Xom.
  1809 | D:6      | Found a staircase to the Ecumenical Temple.
  1855 | Temple   | Entered the Ecumenical Temple
  2036 | Temple   | Became a worshipper of Makhleb the Destroyer
  2069 | D:6      | Noticed a sky beast
  2077 | D:6      | Killed a sky beast
  2077 | D:6      | Reached XP level 7. HP: 55/64 MP: 6/6
  2099 | D:6      | Reached skill level 5 in Armour
  2099 | D:6      | Reached skill level 5 in Shields
  2104 | D:6      | Reached skill level 6 in Axes
  2264 | D:6      | Reached skill level 1 in Invocations
  2264 | D:6      | Reached skill level 1 in Evocations
  2276 | D:6      | Reached XP level 8. HP: 69/73 MP: 6/8
  2302 | D:6      | Got a glittering golden ring
  2386 | D:6      | Reached skill level 7 in Axes
  2412 | D:6      | Reached * piety under Makhleb
  2713 | D:6      | Found a bloodstained altar of Trog.
  2737 | D:6      | Found a stormy altar of Qazlal.
  3022 | D:7      | Reached skill level 5 in Fighting
  3087 | D:7      | Gained mutation: You passively map the area around you.
                  | [Deep Dwarf growth]
  3087 | D:7      | Reached XP level 9. HP: 68/81 MP: 10/10
  3105 | D:7      | Reached skill level 8 in Axes
  3465 | D:7      | Noticed Duvessa
  3465 | D:7      | Noticed Dowan
  3483 | D:7      | Killed Duvessa
  3498 | D:7      | Killed Dowan
  3498 | D:7      | Reached ** piety under Makhleb
  3677 | D:7      | Identified the ring of False Pretenses {Wiz +Fly rF- Int+5
                  | SInv} (You found it on level 6 of the Dungeon)
  3682 | D:7      | Gained mutation: Your mind is acute. (Int +2) [potion of
                  | mutation]
  3682 | D:7      | Gained mutation: Your movements are slightly less
                  | encumbered by armour. (ER -2) [potion of mutation]
  3682 | D:7      | Gained mutation: You are somewhat resistant to further
                  | mutation. [potion of mutation]
  3682 | D:7      | Gained mutation: You are partially covered in yellow
                  | scales. (AC +2) [potion of mutation]
  3723 | D:8      | Noticed kaychamo's ghost (novice NaAs)
  3727 | D:8      | Identified the +3 great mace "Jebrouwn" {vamp, Str+3}
  3727 | D:8      | Identified the cursed +3 great mace "Jattay Dicu" {speed,
                  | Str+3}
  3727 | D:8      | Noticed a two-headed ogre
  3730 | D:8      | Found a transporter.
  3730 | D:8      | You fall into a shaft and drop 1 floor!
  3760 | D:9      | Reached skill level 5 in Invocations
  3760 | D:9      | Reached skill level 5 in Evocations
  3775 | D:9      | Reached skill level 9 in Axes
  4219 | D:8      | Noticed Maurice
  4304 | D:8      | Found Xuall's Distillery.
  4307 | D:8      | Bought a potion of haste for 100 gold pieces
  4307 | D:8      | Bought a potion of heal wounds for 50 gold pieces
  4317 | D:8      | Reached XP level 10. HP: 67/91 MP: 10/10
  4428 | D:8      | Found a transporter.
  4747 | D:8      | Killed Maurice
  4849 | D:8      | Found Xuall's Distillery.
  5163 | D:8      | Found a transporter.
  5323 | D:9      | Noticed a two-headed ogre
  5359 | D:9      | Killed a two-headed ogre
  5386 | D:9      | Found a staircase to the Lair.
  5413 | D:9      | Found a shadowy altar of Dithmenos.
  5432 | D:9      | Reached *** piety under Makhleb
  5440 | D:9      | Reached skill level 10 in Axes
  5644 | D:9      | Found a hazy altar of Hepliaklqana.
  5790 | D:9      | Found a bloodstained altar of Trog.
  5934 | Lair:1   | Entered Level 1 of the Lair of Beasts
  6682 | Lair:1   | Reached XP level 11. HP: 85/99 MP: 5/5
  7038 | Lair:2   | Reached skill level 11 in Axes
  7243 | Lair:2   | Found a staircase to the Shoals.
  7564 | Lair:3   | Reached **** piety under Makhleb
  7745 | Lair:3   | Found a staircase to the Snake Pit.
  8335 | Lair:4   | Found a shimmering altar of Xom.
  8493 | Lair:4   | Reached skill level 12 in Axes
  8536 | Lair:4   | Reached XP level 12. HP: 102/109 MP: 5/5
  9340 | Lair:5   | Noticed a five-headed hydra
  9365 | Lair:5   | Killed a six-headed hydra
  9441 | Lair:5   | Noticed a death yak
  9442 | Lair:5   | Noticed a death yak
  9473 | Lair:5   | Banished a death yak
  9477 | Lair:5   | Killed a death yak
  9828 | Lair:6   | Entered Level 6 of the Lair of Beasts
  9888 | Lair:6   | Found a frozen archway.
  9906 | IceCv    | Entered an ice cave
  9961 | IceCv    | Reached skill level 13 in Axes
 10080 | IceCv    | Reached skill level 10 in Armour
 10080 | IceCv    | Reached skill level 10 in Shields
 10094 | IceCv    | Reached skill level 10 in Invocations
 10114 | IceCv    | Reached skill level 10 in Evocations
 10115 | IceCv    | Reached ***** piety under Makhleb
 10176 | IceCv    | Noticed a frost giant
 10204 | IceCv    | Reached XP level 13. HP: 108/118 MP: 6/6
 10480 | Lair:6   | Found a staircase to the Slime Pits.
 11566 | Lair:6   | Reached skill level 14 in Axes
 11729 | Snake:1  | Entered Level 1 of the Snake Pit
 11852 | Snake:1  | Cast into level 3 of the Abyss (a distortion unwield)
 11937 | Abyss:3  | Noticed a tentacled starspawn
 11946 | Abyss:3  | Killed a tentacled starspawn
 11987 | Abyss:3  | Gained mutation: You resist negative energy. (rN+) [Deep
                  | Dwarf growth]
 11987 | Abyss:3  | Reached XP level 14. HP: 67/129 MP: 8/8
 11995 | Snake:1  | Escaped the Abyss
 12254 | D:10     | Entered Level 10 of the Dungeon
 13070 | D:11     | Noticed Erolcha
 13079 | D:11     | Killed Erolcha
 13079 | D:11     | Noticed Josephine
 13097 | D:11     | Killed Josephine
 13545 | D:11     | Found a staircase to the Orcish Mines.
 13568 | Orc:1    | Entered Level 1 of the Orcish Mines
 13583 | Orc:1    | Reached ****** piety under Makhleb
 13632 | Orc:1    | You are sucked into a shaft and drop 1 floor!
 13632 | Orc:2    | Entered Level 2 of the Orcish Mines
 13673 | Orc:2    | Reached skill level 1 in Dodging
 13674 | Orc:2    | Found a staircase to the Elven Halls.
 13952 | Orc:2    | Reached skill level 15 in Axes
 14004 | Orc:2    | Found Emeof's Armour Shop.
 14004 | Orc:2    | Found Powniwn's Magic Scroll Shoppe.
 14022 | Orc:2    | Found Purun's Weapon Shoppe.
 14022 | Orc:2    | Found Qymex's Food Shop.
 14053 | Orc:2    | Bought a scroll of fear for 52 gold pieces
 14053 | Orc:2    | Bought a scroll of teleportation for 45 gold pieces
 14053 | Orc:2    | Bought a scroll of magic mapping for 52 gold pieces
 14640 | D:8      | Bought a potion of might for 40 gold pieces
 14640 | D:8      | Bought a potion of heal wounds for 50 gold pieces
 14640 | D:8      | Bought a potion of curing for 30 gold pieces
 14640 | D:8      | Bought a potion of curing for 30 gold pieces
 14640 | D:8      | Bought a potion of curing for 30 gold pieces
 14640 | D:8      | Bought a potion of heal wounds for 50 gold pieces
 14640 | D:8      | Bought a potion of might for 40 gold pieces
 14915 | Orc:2    | Bought the +7 plate armour "Wunkol" {rPois rN+++ Slay-3}
                  | for 931 gold pieces
 15227 | Snake:1  | Reached skill level 10 in Fighting
 15572 | Snake:2  | Found Gyxacoo's Jewellery Shoppe.
 15572 | Snake:2  | Found Jiunn's Gadget Boutique.
 15573 | Snake:2  | Found Caumuof's Gadget Boutique.
 15621 | Snake:2  | Found Tomyngyp's Assorted Antiques.
 15649 | Snake:2  | Noticed a nagaraja
 15668 | Snake:2  | Killed a nagaraja
 15917 | Snake:2  | Reached XP level 15. HP: 80/138 MP: 6/6
 16120 | Snake:3  | Noticed Jorgrun
 16171 | Snake:3  | Killed Jorgrun
 16214 | Snake:3  | Noticed a nagaraja
 16232 | Snake:3  | Killed a nagaraja
 16232 | Snake:3  | Reached skill level 16 in Axes
 16342 | Snake:3  | Found Racyg's General Store.
 16464 | Snake:3  | Found a runed translucent door.
 16546 | Snake:4  | Entered Level 4 of the Snake Pit
 16573 | Snake:4  | Reached skill level 5 in Dodging
 17001 | Snake:4  | Noticed a nagaraja
 17017 | Snake:4  | Killed a nagaraja
 17076 | Snake:4  | Noticed a nagaraja
 17096 | Snake:4  | Killed a nagaraja
 17192 | Snake:4  | Noticed a nagaraja
 17193 | Snake:4  | Noticed a nagaraja
 17322 | Snake:4  | Killed a nagaraja
 17339 | Snake:4  | Reached XP level 16. HP: 71/148 MP: 4/4
 17467 | Snake:4  | Reached skill level 17 in Axes
 17620 | Snake:4  | Got a serpentine rune of Zot
 17994 | Shoals:1 | Entered Level 1 of the Shoals
 17994 | Shoals:1 | Noticed a kraken
 18012 | Shoals:1 | Killed a kraken
 18213 | Shoals:3 | Found a runed translucent gate.
 18213 | Shoals:3 | Found a runed translucent gate.
 18213 | Shoals:3 | Found a runed translucent gate.
 18227 | Shoals:3 | Found the +4 moon troll leather armour {Spirit, Regen++
                  | MP+5}
 18241 | Shoals:3 | Noticed Jopnatru's ghost (adept FoFi)
 18241 | Shoals:3 | Noticed Cedruin's ghost (adept DrAr)
 18242 | Shoals:3 | Noticed Angmar's ghost (adept DrTm)
 18244 | Shoals:3 | Noticed Meoqees's ghost (adept MiFi)
 18244 | Shoals:3 | Noticed Arum's ghost (adept FoFi)
 18344 | Shoals:4 | Entered Level 4 of the Shoals
 18486 | Shoals:4 | Cast into level 3 of the Abyss (merfolk impaler)
 18557 | Abyss:3  | Noticed a tentacled starspawn
 18570 | Abyss:3  | Killed a tentacled starspawn
 18616 | Abyss:3  | Reached XP level 17. HP: 80/158 MP: 2/2
 18697 | Shoals:4 | Escaped the Abyss
 18821 | Shoals:4 | Found a runed translucent gate.
 18821 | Shoals:4 | Found a runed translucent gate.
 18821 | Shoals:4 | Found a runed translucent gate.
 18825 | Shoals:4 | Noticed EnegeticOcto's ghost (adept MiFi)
 18854 | Shoals:4 | Reached skill level 18 in Axes
 18862 | Shoals:4 | Found the +4 dagger "Morg" {pain, MR+ Int+5}
 18905 | Shoals:4 | Got a barnacled rune of Zot
 19650 | D:13     | Reached skill level 15 in Invocations
 19713 | D:13     | Found a gate to the Vaults.
 19809 | Vaults:1 | Entered Level 1 of the Vaults
 20241 | Vaults:2 | Noticed Margery
 20283 | Vaults:2 | HP: 6/159 [phantasmal warrior[a curse skull] (20)]
 20284 | Vaults:2 | Slain by a phantasmal warrior

Levels and vault maps discovered:
D:1:      dpeg_arrival_caged_fury, layout_basic
D:2:      layout_loops_cross
D:3:      layout_rooms, first_ration, chequers_ecumenical_altar_lobes,
          skrybe_limestone_x, goddamned_bats, uniq_crazy_yiuf_cottage,
          uniq_terence
D:4:      layout_gridville, old_standard_altar, serial_shops,
          nicolae_shop_temple_entry_statues_fountains, serial_bayou,
          serial_bayou_pond_d, serial_bayou_pond_a, serial_bayou_lake_a,
          serial_bayou_pond_c
D:5:      layout_basic, minmay_overflow_temple_hex
D:6:      layout_layer_cave, overflow_temple_1_default,
          minmay_temple_entry_trees, trog_three_pillars_becter
D:7:      minmay_inner_zag, layout_cave_pools, hangedman_glass_teeth,
          uniq_duvessa
D:8:      layout_basic, serial_shops, nicolae_shop_behind_doors,
          gammafunk_ghost_smash, uniq_maurice
D:9:      layout_rooms, grunt_dithmenos_smoke_and_mirrors, kennysheep_mini,
          nicolae_overflow_crystal_walls, erik_lair_island
D:10:     layout_roguey
D:11:     layout_grid_maze, david_orc_2, uniq_josephine, uniq_erolcha
D:12:     layout_irregular_city
D:13:     layout_basic, erik_vaults_2, special_room [special_room_orc],
          enter_trove_5
Temple:   grunt_temple_mini_profane
Lair:1:   layout_cave_pods
Lair:2:   layout_regular_city, minmay_shoals_entry_beasts, serial_bayou_shore_a
Lair:3:   layout_regular_city, minmay_snake_entry_guardpost_large
Lair:4:   layout_regular_city, basic_altar, beast_lair_carwin_4
Lair:5:   layout_regular_city, lemuel_fruit_fields
Lair:6:   evilmike_catoblepas_cave, layout_small_grid,
          minmay_slime_entry_pillars, portal_ice_cave_demonic_guard
Shoals:1: cheibrodos_shoals_oceanic_diplomacy, layout_shoals, serial_shops,
          nicolae_shop_waterfront, nicolae_shoals_aquamancer_cove
Shoals:2: layout_shoals, uniq_kirke
Shoals:3: layout_shoals, gammafunk_ghost_cemetery, uniq_mara
Shoals:4: shoals_end_grunt_garden, layout_shoals, ebering_ghost_rock_garden
Snake:1:  layout_misc_corridors, gammafunk_ghost_cemetery
Snake:2:  layout_basic, serial_shops, shop, minmay_shop_grove
Snake:3:  cheibrodos_toxic_ritual, layout_rooms, serial_shops, shop,
          grunt_ministairs_1, serial_bayou_pond_d, drop_trap, uniq_jorgrun
Snake:4:  snake_pit_salamanders_mu, layout_misc_corridors
Orc:1:    layout_caves
Orc:2:    grunt_orc_tribal_feast, layout_caves
Vaults:1: nicolae_vaults_sealed_display, v_misc_30,
          nicolae_vaults_windows_and_doors_thing, v_pattern_3,
          vaults_room_grunt_arrival_ludios, ontoclasm_vaults_fault,
          vaults_room_grid, vaults_dpeg_spiral, nicolae_vaults_alarming,
          vaults_dpeg_ring, layout_vaults_chaotic_city
Vaults:2: nicolae_vaults_little_squares_1, minmay_crypt_entry_simple_corners,
          v_rooms_1, vaults_standard_mumra_enter_the_diamond,
          vaults_standard_mumra_enter_the_diamond, hangedman_vaults_hat,
          vaults_room_door_ring, nicolae_vaults_display_case,
          hangedman_vaults_stitches, vaults_dpeg_hooks, layout_vaults_ring,
          serial_shops, shop_fountains, uniq_margery

Skill      XL: |  1  2  3  4  5  6  7  8  9 10 11 12 13 14 15 16 17 |
---------------+----------------------------------------------------+-----
Axes           | 3 4 5 6 7 9 10 12 13 14 15 16 17 18 | 18.0
Fighting       | 3 4 5 6 7 8 9 10 11 12 | 12.2
Armour         | 4 5 6 7 8 9 10 11 12 13 14 | 14.1
Shields        | 4 5 6 7 8 9 10 11 12 13 14 | 14.1
Invocations    | 1 3 5 7 8 10 11 12 13 14 15 | 15.4
Evocations     | 1 3 5 7 8 10 11 | 11.0
Dodging        | 3 6 7 9 |  9.3

Action                   |  1- 3 |  4- 6 |  7- 9 | 10-12 | 13-15 | 16-18 || total
-------------------------+-------+-------+-------+-------+-------+-------++-------
Melee: War axe           |    41 |   135 |   418 |   780 |   305 |       ||  1679
       Broad axe         |       |       |       |       |  1156 |   888 ||  2044
Invok: Lesser Servant of |       |       |       |     4 |     3 |       ||     7
       Greater Servant o |       |       |       |       |     2 |       ||     2
 Abil: Heal Wounds       |       |     4 |    21 |    32 |    43 |    11 ||   111
Evoke: Wand              |       |       |     1 |     5 |    12 |    10 ||    28
  Use: Scroll            |       |     1 |     8 |    13 |    12 |     9 ||    43
       Potion            |       |       |     4 |     1 |       |     3 ||     8
 Stab: Betrayed ally     |       |       |     1 |       |       |       ||     1
       Distracted        |       |       |       |     3 |     1 |       ||     4
       Petrified         |       |       |       |       |     2 |       ||     2
  Eat: Chunk             |       |     3 |    18 |    23 |    23 |     4 ||    71
       Ration            |       |       |       |       |       |     1 ||     1
Armor: Scale mail        |    34 |    54 |   190 |   269 |   145 |       ||   692
       Plate armour      |       |       |       |       |   443 |   352 ||   795
       Chain mail        |       |       |       |       |    60 |       ||    60
Dodge: Dodged            |    11 |    29 |   139 |   315 |   308 |   239 ||  1041
Block: Shield            |    29 |    63 |   283 |   464 |    15 |       ||   854
       Large shield      |       |       |       |       |  1603 |   873 ||  2476
